 Dungeon Crawl Stone Soup version 0.25-a0-404-gc1b5a34292 (webtiles) character file.

Game seed: 11097616867399584369, levelgen mode: deterministic

5653 MordorOrchid the Cleaver (level 10, -3/83 HPs)
             Began as a Purple Draconian Berserker on Jan 11, 2020.
             Was an Elder of Trog.
             Shot with an arrow by a deep elf archer (17 damage)
             ... on level 9 of the Dungeon.
             The game lasted 00:21:45 (5852 turns).

MordorOrchid the Cleaver (DrBe)                     Turns: 5852, Time: 00:21:46

Health: -3/83      AC:  8    Str: 22    XL:     10   Next: 46%
Magic:  12/12      EV: 13    Int:  8    God:    Trog [****..]
Gold:   463        SH: 16    Dex: 11    Spells: 9/9 levels left

rFire    . . .     SeeInvis .   H - +2 hand axe (elec)
rCold    . . .     Gourm    .   d - +0 shield
rNeg     . . .     Faith    .   (armour unavailable)
rPois    +         Spirit   .   (helmet restricted)
rElec    .         Reflect  +   g - +0 cloak {rPois}
rCorr    .         Harm     .   (no gloves)
MR       +....                  (no boots)
Stlth    ++........             A - +5 amulet of reflection
HPRegen  0.23/turn              (no ring)
MPRegen  0.13/turn              (no ring)

@: no status effects
A: breathe power, unfitting armour, cold-blooded, AC +7
a: Breathe Dispelling Energy, Berserk, Trog's Hand, Brothers in Arms, Renounce
Religion


You were on level 9 of the Dungeon.
You worshipped Trog.
Trog was greatly pleased with you.
You were not hungry.

You visited 1 branch of the dungeon, and saw 9 of its levels.

You collected 463 gold pieces.

Inventory:

Hand Weapons
 a - a +1 hand axe of freezing
 e - a +2 antimagic short sword
 f - a +0 hand axe
 j - a +0 hunting sling
 w - a +2 dagger of venom
 C - a +0 broad axe
 H - a +2 hand axe of electrocution (weapon)
Missiles
 c - 40 bolts
 m - 2 throwing nets
 o - 34 poisoned darts (quivered)
 t - 204 stones
 v - 4 sling bullets
 B - 3 boomerangs
Armour
 d - a +0 shield (worn)
 g - a +0 cloak of poison resistance (worn)
Jewellery
 A - a +5 amulet of reflection (around neck)
Wands
 h - a wand of polymorph (7)
 r - a wand of iceblast (6)
 D - a wand of acid (4)
 E - a wand of flame (11)
Scrolls
 l - a scroll of fear
 n - 4 scrolls of immolation
 q - a scroll of remove curse
 u - 3 scrolls of teleportation
 x - a scroll of fog
 y - a scroll of vulnerability {unknown}
 z - a scroll of enchant weapon
 F - a scroll of magic mapping
Potions
 i - 3 potions of agility
 k - 2 potions of haste
 p - a potion of flight
 s - 4 potions of lignification
 I - a potion of might {unknown}
 J - a potion of curing {unknown}
Comestibles
 b - 10 rations


   Skills:
 - Level 6.0 Fighting
 * Level 9.7 Axes
 * Level 3.3 Throwing
 * Level 6.6 Dodging
 * Level 3.6 Stealth
 * Level 7.2 Shields
 * Level 3.9 Evocations


You had 9 spell levels left.
You didn't know any spells.
Your spell library was empty.

Dungeon Overview and Level Annotations

Branches:
Dungeon (9/15)             Temple (0/1) D:4
   Lair: D:8-11         Orc: D:9-12

Altars:
Ashenzari
Cheibriados
Dithmenos
Hepliaklqana
Qazlal
Ru
Trog
Uskayaw
Wu Jian

Annotations:
D:8 exclusion: upstairs


Innate Abilities, Weirdness & Mutations

You can breathe bolts of dispelling energy.
Your rich purple scales are hard. (AC +7)
You cannot fit into any form of body armour.
You are cold-blooded and may be slowed by cold attacks.


Message History

o - 33 poisoned darts (gained 1)
o - 34 poisoned darts (gained 1)
Something hits you.
Deactivating autopickup; reactivate with Ctrl-A.
Found a scroll of remove curse.
Something hits you! Something hits you. Something hits you.
* * * LOW HITPOINT WARNING * * *
Found 16 gold pieces.
A deep elf archer comes into view. It is wielding a +0 short sword.
The deep elf archer shouts!
Something hits you.
* * * LOW HITPOINT WARNING * * *
Something hits you.
* * * LOW HITPOINT WARNING * * *
The deep elf archer unwields a +0 short sword.
The deep elf archer wields a +0 shortbow.
The deep elf archer shoots an arrow.
The arrow hits you!
You die...

,,,,,,,,,,,,,,,,*,,,,,*,,,,,,,,,,
,,,,,,,,,....,,,*..e..#,,,,,,,***
,,,,,,,,.......**.....#.......#
,,,,,,,,.......*,.....#.......#
,,,,,,,,.......*,.....#.......#
,,,,,,,,..?....*,.....#.......#
,,,,,,,,.......##.....#.....[.#
,,,,,,,,........#..$..#.......# #
*,,,*,,,........@.....#.......# #
,*,,,*,,........#.....#.......###
,,*,,,*,........#.....#..........
,*,,,*,,........#######..........
*,,,*,,,.....$...................
,,,,,,,,......................†..
,,*,,,*,..................#####..
,*,,,*,,.......######.....#...#..
*,,,*,,,.......* #.....#...#††


You could see a deep elf archer.

Vanquished Creatures
  Pikel (D:4)
  An ugly thing (D:8)
  Maurice (D:8)
  Grinder (D:4)
  A hippogriff (D:8)
  Prince Ribbit (D:7)
  Sigmund (D:2)
  Menkaure (D:4)
  Edmund (D:6)
  A water moccasin (D:6)
  2 orc warriors
  3 phantoms (D:5)
  An ice beast (D:5)
  A sky beast (D:9)
  4 ogres
  3 centaurs
  2 big kobolds (D:8)
  A bullfrog (D:8)
  A gnoll sergeant (D:7)
  A scorpion (D:5)
  13 killer bees
  A wight (D:9)
  2 howler monkeys (D:5)
  A crimson imp (D:7)
  2 centaur skeletons
  3 hounds
  5 jellies
  4 orc priests
  4 orc wizards
  A gnoll shaman (D:8)
  3 iguanas
  5 worker ants
  Terence (D:2)
  A killer bee zombie (D:9)
  A worker ant zombie (D:7)
  12 gnolls
  7 adders
  An ooze (D:2)
  3 adder skeletons
  An adder zombie (D:6)
  2 leopard geckos
  27 orcs
  3 ball pythons
  4 bats
  6 giant cockroaches
  6 goblins
  5 hobgoblins
  17 jackals
  14 kobolds
  4 quokkas
  5 frilled lizards
  5 rats
198 creatures vanquished.

Vanquished Creatures (others)
  A slave (D:4)
  An adder (D:4)
  A leopard gecko skeleton (D:4)
3 creatures vanquished.

Grand Total: 201 creatures vanquished

Notes
Turn   | Place    | Note
-------+----------+-------------------------------------------
     0 | D:1      | MordorOrchid the Draconian Berserker began the quest for
                  | the Orb.
     0 | D:1      | Reached XP level 1. HP: 19/19 MP: 1/1
     6 | D:1      | Noticed a wyvern
     6 | D:1      | Noticed a black bear
     6 | D:1      | Noticed a crocodile
     6 | D:1      | Noticed an anaconda
    84 | D:1      | Found a shattered altar of Ashenzari.
   335 | D:1      | Reached XP level 2. HP: 22/26 MP: 2/2
   392 | D:2      | Found a bloodstained altar of Trog.
   392 | D:2      | Noticed Sigmund
   400 | D:2      | Killed Sigmund
   400 | D:2      | Reached skill level 4 in Axes
   400 | D:2      | Reached skill level 1 in Shields
   400 | D:2      | Reached XP level 3. HP: 32/34 MP: 3/3
   400 | D:2      | Reached XP level 4. HP: 39/41 MP: 4/4
   400 | D:2      | Reached XP level 5. HP: 44/47 MP: 5/5
   513 | D:2      | Noticed Terence
   529 | D:2      | Killed Terence
   910 | D:3      | Reached ** piety under Trog
   971 | D:3      | Reached XP level 6. HP: 53/53 MP: 6/6
  1028 | D:3      | Found a stormy altar of Qazlal.
  1191 | D:4      | Noticed Grinder
  1208 | D:4      | Killed Grinder
  1208 | D:4      | Reached skill level 5 in Axes
  1247 | D:4      | Found a hazy altar of Hepliaklqana.
  1418 | D:4      | Your scales start taking on a rich purple colour.
  1418 | D:4      | Reached XP level 7. HP: 31/60 MP: 7/7
  1744 | D:4      | Reached skill level 5 in Fighting
  1853 | D:4      | Noticed Menkaure
  1868 | D:4      | Killed Menkaure
  1937 | D:4      | Noticed Pikel
  1961 | D:4      | Killed Pikel
  1961 | D:4      | Reached skill level 6 in Axes
  1961 | D:4      | Reached skill level 5 in Dodging
  1961 | D:4      | Reached XP level 8. HP: 46/69 MP: 8/8
  2019 | D:4      | Found a staircase to the Ecumenical Temple.
  2038 | D:5      | Entered Level 5 of the Dungeon
  2090 | D:5      | Reached skill level 7 in Axes
  2452 | D:5      | Reached *** piety under Trog
  2579 | D:5      | Reached skill level 1 in Evocations
  2716 | D:5      | Reached skill level 1 in Stealth
  2761 | D:5      | Noticed a +0 hand axe
  2761 | D:5      | Noticed a +0 dagger
  2765 | D:5      | Found a hide-covered altar of Uskayaw.
  2841 | D:5      | Reached skill level 1 in Throwing
  3006 | D:5      | Found a shadowy altar of Dithmenos.
  3028 | D:5      | Reached XP level 9. HP: 27/75 MP: 10/10
  3029 | D:5      | Reached skill level 8 in Axes
  3464 | D:6      | Reached skill level 5 in Shields
  3600 | D:6      | Noticed Edmund
  3609 | D:6      | Killed Edmund
  3893 | D:7      | Found a bloodstained altar of Trog.
  4217 | D:7      | Noticed Prince Ribbit
  4258 | D:7      | Reached **** piety under Trog
  4443 | D:7      | Found a sacrificial altar of Ru.
  4507 | D:7      | Found a snail-covered altar of Cheibriados.
  4642 | D:7      | Killed Prince Ribbit
  4670 | D:8      | Reached skill level 9 in Axes
  4866 | D:8      | Reached XP level 10. HP: 65/83 MP: 12/12
  5061 | D:8      | Noticed Maurice
  5148 | D:8      | Found an ornate altar of the Wu Jian Council.
  5212 | D:8      | Killed Maurice
  5594 | D:9      | Noticed a brown ugly thing
  5620 | D:8      | Killed a brown ugly thing
  5852 | D:9      | Noticed a deep elf archer
  5852 | D:9      | Shot with an arrow by a deep elf archer

Levels and vault maps discovered:
D:1:      onia_arrival_zoo_common, layout_loops_ring, evilmike_ruin_ashenzari
D:2:      layout_rooms, lemuel_crystal_altar, first_ration, uniq_sigmund,
          uniq_terence
D:3:      layout_loops_ring, nicolae_overflow_crystal_walls
D:4:      layout_basic, lemuel_round_altar, lightli_temple_of_fire,
          lemuel_temple_firewalk_b, uniq_grinder, uniq_robin, uniq_menkaure,
          uniq_pikel
D:5:      layout_gridville, dancing_weapons_uskayaw, grunt_dithmenos_shadows
D:6:      layout_loops_ring, lemuel_coloured_pillars_altar, uniq_edmund
D:7:      layout_loops_ring, nicolae_overflow_hidden_temple,
          lemuel_doored_altar, trog_hazing_becter, uniq_prince_ribbit1
D:8:      layout_loops_corners, lemuel_crystal_altar, uniq_maurice
D:9:      cheibrodos_fzero, layout_irregular_city

Skill      XL: |  1  2  3  4  5  6  7  8  9 10 |
---------------+-------------------------------+-----
Fighting       | 4 5 6 |  6.0
Axes           | 4 5 6 7 9 |  9.7
Dodging        | 3 4 5 6 |  6.6
Shields        | 1 2 3 4 6 7 |  7.2
Evocations     | 1 3 |  3.9
Stealth        | 1 3 |  3.6
Throwing       | 1 2 3 |  3.3

Action                   |  1- 3 |  4- 6 |  7- 9 | 10-12 || total
-------------------------+-------+-------+-------+-------++-------
Melee: Hand axe          |    37 |   121 |   409 |   136 ||   703
       Tailslap          |     1 |    16 |    62 |    25 ||   104
Throw: Dart              |       |     2 |    52 |    12 ||    66
       Boomerang         |       |       |       |     5 ||     5
Invok: Berserk           |     1 |     3 |     6 |     3 ||    13
       Trog's Hand       |       |     1 |     7 |     1 ||     9
 Abil: Breathe Dispellin |       |       |     5 |     1 ||     6
Evoke: Wand              |       |     2 |     4 |     2 ||     8
  Use: Scroll            |       |     1 |    11 |     3 ||    15
 Stab: Sleeping          |       |       |     4 |     1 ||     5
  Eat: Chunk             |       |     6 |    20 |     8 ||    34
Armor: Skin              |     7 |    34 |    47 |    19 ||   107
Dodge: Dodged            |    16 |    46 |   105 |    45 ||   212
Block: Shield            |    11 |    44 |   221 |   114 ||   390
       Reflection        |       |       |    20 |     2 ||    22

Table legend:
 A = Non-vault XP
 B = Vault XP
 C = Vault XP percentage of total XP
 D = Non-vault monster count
 E = Vault monster count
 F = Vault count percentage of total count
                 A         B        C        D         E       F
            +---------+---------+-------+---------+---------+-------
      Total |    4940 |    3137 |  38.8 |     178 |      20 |  10.1
            +---------+---------+-------+---------+---------+-------
        D:1 |      17 |       0 |   0.0 |      10 |       0 |   0.0
        D:2 |      24 |     263 |  91.6 |      11 |       2 |  15.4
        D:3 |     107 |       0 |   0.0 |      22 |       0 |   0.0
        D:4 |     202 |    1090 |  84.4 |      16 |       3 |  15.8
        D:5 |    1210 |     125 |   9.4 |      27 |       1 |   3.6
        D:6 |     317 |     154 |  32.7 |       9 |       1 |  10.0
        D:7 |    1028 |     269 |  20.7 |      35 |       7 |  16.7
        D:8 |    1508 |    1150 |  43.3 |      35 |       4 |  10.3
        D:9 |     527 |      86 |  14.0 |      13 |       2 |  13.3
            +---------+---------+-------+---------+---------+-------
